 Dungeon Crawl Stone Soup version 0.30-a0-422-g946f4849ff (webtiles) character file.

Game seed: 3402811398395003337

21932 tilp the Black Sun (level 12, -5/92 HPs)
             Began as a Mummy Necromancer on Dec 8, 2022.
             Was a High Priest of Kikubaaqudgha.
             Slain by a reaper
             ... wielding a +3 scythe of freezing
              (35 damage)
             ... in an ice cave.
             The game lasted 00:35:10 (17091 turns).

tilp the Black Sun (Mummy Necromancer)             Turns: 17091, Time: 00:35:11

Health: -5/92      AC: 23    Str: 11    XL:     12   Next: 58%
Magic:  12/25      EV: 16    Int: 24    God:    Kikubaaqudgha [*****.]
Gold:   563        SH:  0    Dex: 12    Spells: 6/29 levels left

rFire   . . .      SeeInvis .    a - +0 mace (protect)
rCold   + + .      Faith    +    (no shield)
rNeg    + + +      Spirit   .    v - +1 leather armour of the Big Bang {Int+4}
rPois   ∞          Reflect  .    i - +2 helmet
rElec   .          Harm     .    h - scarf {rC+ rF+}
rCorr   +          Rampage  .    P - +2 pair of gloves
Will    +....                    B - +1 pair of boots
Stlth   ++........               u - amulet of magic regeneration
HPRegen 0.35/turn                e - +4 ring of evasion
MPRegen 0.59/turn                H - ring of Mosohet {rCorr AC+4}

@: under a protective aura
A: cold resistance 1, negative energy resistance 3, torment resistance 2, heat
vulnerability 1, in touch with death 1, no potions, faith
a: Renounce Religion, Unearth Wretches, Torment


You were in an ice cave.
You worshipped Kikubaaqudgha.
Kikubaaqudgha was extremely pleased with you.
You visited 2 branches of the dungeon, and saw 12 of its levels.
You also visited: Ossuary and Ice Cave.

You collected 853 gold pieces.
You spent 290 gold pieces at shops.

Inventory:

Hand Weapons
 a - a +0 mace of protection (weapon)
 b - a +2 whip of flaming
 s - a +2 antimagic flail
 y - a +0 whip of draining
 E - a +2 morningstar
 N - the +5 halberd of Vug Arod {elec, rElec rC+ rN+ Int+2}
   (You found it on level 9 of the Dungeon)

   It occasionally discharges a powerful burst of electricity upon striking a
   foe.
   Int:       It affects your intelligence (+2).
   rC:        It protects you from cold.
   rElec:     It insulates you from electricity.
   rN:        It protects you from negative energy.
Missiles
 c - 3 poisoned darts (quivered)
 g - 11 boomerangs
 j - 10 javelins
 t - 94 stones
 z - 2 silver boomerangs
 G - a curare-tipped dart
 I - a throwing net
Armour
 d - a +2 robe of resistance
 h - a scarf of resistance (worn)
 i - a +2 helmet (worn)
 v - the +1 leather armour of the Big Bang (worn) {Int+4}
   (You bought it in a shop on level 4 of the Dungeon)

   Int:       It affects your intelligence (+4).
 B - a +1 pair of boots (worn)
 M - a +0 buckler
 O - a +1 leather armour of fire resistance
 P - a +2 pair of gloves (worn)
Magical Staves
 L - a staff of death
Jewellery
 e - a +4 ring of evasion (left hand)
 p - a ring of wizardry
 u - an amulet of magic regeneration (around neck)
 w - a +6 ring of dexterity
 H - the ring of Mosohet (right hand) {rCorr AC+4}
   (You acquired it on level 10 of the Dungeon)

   [ring of protection]

   AC:        It affects your AC (+4).
   rCorr:     It protects you from acid and corrosion.
 J - an amulet of guardian spirit
Wands
 r - a wand of polymorph (10)
 x - a wand of roots (5)
 A - a wand of flame (14)
 F - a wand of paralysis (19)
Scrolls
 f - a scroll of summoning
 k - 2 scrolls of amnesia
 l - 3 scrolls of poison
 m - 3 scrolls of silence
 n - 4 scrolls of teleportation
 o - 3 scrolls of blinking
 q - 3 scrolls of enchant weapon
 C - 2 scrolls of butterflies
 D - 4 scrolls of identify
 Q - a scroll of brand weapon
Miscellaneous
 K - a condenser vane (inert)


   Skills:
 - Level 8.0 Fighting
 * Level 7.2 Maces & Flails
 - Level 4.0 Throwing
 - Level 4.0 Dodging
 - Level 4.0 Stealth
 + Level 2.4 Shields
 - Level 9.0 Spellcasting
 * Level 4.0 Hexes
 - Level 10.0 Necromancy
 - Level 4.0 Translocations
 * Level 3.4 Earth Magic
 + Level 5.8 Evocations


You had 6 spell levels left.
You knew the following spells:

 Your Spells              Type           Power      Damage    Failure   Level
a - Necrotise             Necr           100%       1d9       1%          1
b - Vampiric Draining     Necr           73%        2d11      1%          3
c - Animate Dead          Necr           73%        N/A       1%          4
d - Anguish               Hex/Necr       30%        N/A       4%          4
e - Borgnjor's Vile Clut  Necr/Erth      29%        N/A       14%         5
f - Dispel Undead         Necr           73%        3d24      1%          4
g - Blink                 Tloc           60%        N/A       2%          2

Your spell library contained the following spells:

 Spells                   Type           Power      Damage    Failure   Level
 Apportation              Tloc           60%        N/A       1%          1
 Kiss of Death            Conj/Necr      100%       2d13      1%          1
 Cigotuvi's Dreadful Rot  Necr/Pois/Air  80%        N/A       3%          2
 Agony                    Necr           73%        N/A       3%          5
 Momentum Strike          Conj/Tloc      40%        3d9       4%          2
 Confusing Touch          Hex            30%        N/A       4%          3
 Lesser Beckoning         Tloc           60%        N/A       4%          3
 Portal Projectile        Hex/Tloc       60%        N/A       4%          3
 Shock                    Conj/Air       40%        1d5       8%          1
 Sting                    Tmut/Pois      40%        1d5       8%          1
 Summon Small Mammal      Summ           40%        N/A       8%          1
 Inner Flame              Hex/Fire       20%        N/A       10%         3
 Summon Guardian Golem    Hex/Summ       20%        N/A       10%         3
 Poisonous Vapours        Pois/Air       20%        N/A       12%         2
 Cause Fear               Hex            15%        N/A       14%         4
 Leda's Liquefaction      Hex/Erth       14%        N/A       16%         4
 Death Channel            Necr           36%        N/A       19%         6
 Call Canine Familiar     Summ           10%        N/A       22%         3
 Swiftness                Air            10%        N/A       22%         3
 Airstrike                Air            5%         2d(1-17)  58%         4
 Olgreb's Toxic Radiance  Pois           10%        N/A       58%         4
 Simulacrum               Ice/Necr       25%        N/A       83%         6
 Orb of Destruction       Conj           5%         9d5       100%        7
 Spellforged Servitor     Conj/Summ      5%         N/A       100%        7
 Discord                  Hex            15%        N/A       100%        8


Dungeon Overview and Level Annotations

Branches:
Dungeon (11/15)            Temple (1/1) D:6            Lair (0/5) D:10
    Orc (0/2) D:10        Ossuary (visited)           IceCv (1/1)

Altars:
Ashenzari
Cheibriados
Dithmenos
Fedhas
Gozag
Hepliaklqana
Kikubaaqudgha
Makhleb
Nemelex Xobeh
Okawaru
Qazlal
Ru
Sif Muna
Trog
Uskayaw
Vehumet
Wu Jian
Xom
Yredelemnul

Shops:
D:4 *   D:7 *   D:8 (

Annotations:
D:8 1 runed translucent door (flayed ghost) IceCv exclusion: reaper


Innate Abilities, Weirdness & Mutations

You are immune to poison.
Your flesh is cold resistant. (rC+)
You are immune to negative energy. (rN+++)
You are immune to unholy pain and torment.
You are vulnerable to heat. (rF-)
You are in touch with the powers of death.
You do not drink.
You have a special connection with the divine. (Faith)


Message History

The zombie hands constrict the reaper.
The reaper escapes!
Unknown command.
Casting: Borgnjor's Vile Clutch (dangerous; 14% risk of failure)
Confirm with . or Enter, or press ? or * to list all spells.
Aiming: Borgnjor's Vile Clutch (dangerous; 14% risk of failure)
Press: ? - help, Shift-Dir - straight line, f/p - reaper
Aim: a reaper, wielding a +3 scythe of freezing (moderately wounded, 100% to hit)
You feel a surge of power!
Zombie hands grab the reaper.
The zombie hands constrict the reaper.
The reaper hits you but does no damage.
Unknown command.
Really walk into a travel-excluded area?
The zombie hands constrict the reaper.
The reaper hits you with a +3 scythe of freezing!
You hit the reaper but do no damage.
Your weapon exudes an aura of protection.
The reaper is moderately wounded.
The zombie hands constrict the reaper, but do no damage.
The reaper misses you.
Unknown command.
You hit the reaper but do no damage.
The reaper is moderately wounded.
The zombie hands constrict the reaper.
The reaper hits you with a +3 scythe of freezing.
The reaper hits you with a +3 scythe of freezing!!
The reaper freezes you.
Unknown command.
You hit the reaper.
The reaper is moderately wounded.
The zombie hands constrict the reaper!
The reaper hits you with a +3 scythe of freezing!
* * * LOW HITPOINT WARNING * * *
The reaper freezes you.
* * * LOW HITPOINT WARNING * * *
You hit the reaper but do no damage.
The reaper is heavily wounded.
The zombie hands constrict the reaper!
The reaper hits you with a +3 scythe of freezing!!
You die...
Kikubaaqudgha rasps: "You have failed me!
Welcome... oblivion!"

###.#####~~~######....#...###..⌠.
# ### ##~~≈≈≈≈≈####...### ##...
#### #≈≈≈≈≈≈≈### ####### #..##
...### #≈≈≈≈≈≈≈##.######..####..#
.##..###≈≈≈≈≈≈≈≈≈..#.#..##.#..###
!.###..#≈≈≈≈≈≈≈≈#.##..#####.###
..##...##≈≈≈≈≈≈#....### ###
######..##≈≈≈###.####
###.#########.@## #..### ##.2#
###.§§§# ##...# #...##☼§§☼§
##....# ..### #.§§§§ #.....# ###
§§§§§ ...... # §§○§ ...... §#○
....# ## .####


You could see a reaper (clutched).

Vanquished Creatures
  5 centaur warriors
  A two-headed ogre (D:9)
  A tengu warrior (D:9)
  Nergalle (D:10)
  A cyclops (D:9)
  Maggie (D:8)
  An ice statue (IceCv)
  A kobold demonologist (D:10)
  A komodo dragon (D:7)
  A freezing wraith (D:10)
  2 anaconda simulacra (IceCv)
  3 trolls (D:9)
  A hornet (D:8)
  A slime creature (D:10)
  A shadow (D:10)
  A wyvern (D:10)
  8 yaks
  7 wraiths
  3 dire elephant simulacra (IceCv)
  2 fire bats (D:8)
  4 steam dragons
  2 death yak simulacra (IceCv)
  An acid dragon (D:9)
  A naga (D:8)
  A hydra simulacrum (IceCv)
  4 black bears
  7 orc warriors
  An ogre (D:6)
  8 centaurs
  A tengu (D:7)
  A kobold brigand (D:9)
  2 gnoll sergeants
  A bullfrog (D:9)
  2 cane toad simulacra (IceCv)
  3 scorpions
  9 two-headed ogre simulacra
  5 wights
  2 elephant simulacra (IceCv)
  16 killer bees
  An electric eel (D:10)
  A howler monkey (D:6)
  A human zombie (Ossuary)
  A jelly (D:6)
  9 orc priests
  Crazy Yiuf (D:2)
  3 hounds
  2 iguanas
  7 orc wizards
  7 spriggan simulacra
  4 troll simulacra (IceCv)
  2 polar bear simulacra (IceCv)
  3 wolf simulacra (IceCv)
  3 mummies (Ossuary)
  Robin (D:2)
  9 gnolls
  8 adders
  9 naga simulacra (IceCv)
  3 shadow imps
  7 white imps
  4 ufetubi
  An adder zombie (Ossuary)
  3 worms
  A dart slug (D:2)
  26 orcs
  4 ball pythons
  2 endoplasms (D:3)
  5 giant cockroaches
  14 goblins
  7 hobgoblins
  6 quokkas
  11 bats
  2 frilled lizards (D:2)
  3 goblin zombies (Ossuary)
  7 hobgoblin zombies (Ossuary)
  7 kobolds
  4 kobold zombies (Ossuary)
  3 rats
  2 rat zombies (Ossuary)
  A spectral orc (D:9)
309 creatures vanquished.

Vanquished Creatures (collateral kills)
  A cyclops (D:9)
  Joseph (D:10)
  A wraith (D:11)
  3 yaks
  2 bullfrogs (D:10)
  A two-headed ogre simulacrum (D:11)
  A wight (D:9)
  3 orc wizards
  A gnoll (D:9)
  2 orcs (D:10)
  A giant cockroach (D:4)
  A rat (D:2)
18 creatures vanquished.

Vanquished Creatures (others)
  A centaur warrior (D:9)
  A two-headed ogre (D:11)
  A deep elf pyromancer (D:9)
  2 centaur zombies
  A troll (D:10)
  A hornet (D:11)
  2 wyverns (D:9)
  8 yaks
  A vampire mosquito (D:10)
  A water moccasin (D:10)
  A black bear (D:10)
  3 orc warriors
  A hornet zombie (D:11)
  A vampire mosquito zombie (D:10)
  A water moccasin zombie (D:10)
  4 yak zombies (D:9)
  2 orc wizards (D:10)
  An iguana (D:11)
  7 orc zombies (D:10)
  3 orcs (D:10)
  A bat zombie (D:11)
  A bat (D:11)
  39 fungi (D:10)
  34 plants
118 creatures vanquished.

Grand Total: 445 creatures vanquished

Notes
Turn   | Place    | Note
-------+----------+-------------------------------------------
     0 | D:1      | tilp the Mummy Necromancer began the quest for the Orb.
     0 | D:1      | Reached XP level 1. HP: 13/13 MP: 4/4
   568 | D:1      | Reached XP level 2. HP: 20/20 MP: 2/5
  1134 | D:2      | Reached skill level 1 in Fighting
  1319 | D:1      | Gained mutation: You are in touch with the powers of death.
                  | [Mummy growth]
  1319 | D:1      | Reached XP level 3. HP: 25/26 MP: 1/7
  1323 | D:1      | Learned a level 3 spell: Vampiric Draining
  1583 | D:2      | Noticed Robin
  1905 | D:2      | Reached XP level 4. HP: 30/32 MP: 1/8
  2271 | D:2      | Found a runed translucent door.
  2272 | D:2      | Noticed Crazy Yiuf
  2394 | D:2      | Killed Robin
  2395 | D:2      | Reached skill level 1 in Maces & Flails
  2520 | D:2      | Reached XP level 5. HP: 38/38 MP: 7/10
  3086 | D:3      | Found a broken altar of Ashenzari.
  3769 | D:4      | Reached skill level 5 in Necromancy
  3964 | D:4      | Reached XP level 6. HP: 46/46 MP: 5/11
  4016 | D:4      | Found Nuxaicit's Assorted Antiques.
  4528 | D:4      | Learned a level 4 spell: Animate Dead
  4542 | D:5      | Entered Level 5 of the Dungeon
  4690 | D:5      | Found a sand-covered staircase.
  4695 | Ossuary  | Entered an ossuary
  4788 | Ossuary  | Reached XP level 7. HP: 52/52 MP: 13/13
  5084 | D:4      | Bought a scroll of identify for 58 gold pieces
  5084 | D:4      | Bought a scroll labelled EZUENO XIRU for 29 gold pieces
  5084 | D:4      | Bought a heavily runed leather armour for 203 gold pieces
  5084 | D:4      | Identified the +1 leather armour of the Big Bang {Int+4}
                  | (You bought it in a shop on level 4 of the Dungeon)
  5425 | D:5      | Found a shimmering blue altar of Sif Muna.
  5587 | D:5      | Found a blossoming altar of Fedhas.
  5961 | D:2      | Killed Crazy Yiuf
  6223 | D:6      | Reached skill level 6 in Necromancy
  6223 | D:6      | Reached skill level 1 in Evocations
  6268 | D:6      | Noticed a steam dragon
  6270 | D:6      | Reached skill level 5 in Spellcasting
  6278 | D:6      | Killed a steam dragon
  6404 | D:6      | Found a staircase to the Ecumenical Temple.
  6409 | Temple   | Entered the Ecumenical Temple
  6720 | Temple   | Became a worshipper of Kikubaaqudgha
  6869 | D:6      | Reached XP level 8. HP: 60/60 MP: 12/15
  7059 | D:6      | Reached skill level 1 in Throwing
  7331 | D:7      | Found Ymung's Lightly-Used Armoury.
  7469 | D:7      | Learned a level 4 spell: Dispel Undead
  7472 | D:7      | Learned a level 2 spell: Blink
  7754 | D:7      | Noticed a komodo dragon
  7765 | D:7      | Killed a komodo dragon
  8116 | D:7      | Reached skill level 1 in Translocations
  8483 | D:7      | Reached * piety under Kikubaaqudgha
  8483 | D:7      | Received a gift from Kikubaaqudgha
  8620 | D:8      | Reached XP level 9. HP: 66/66 MP: 13/17
  8659 | D:8      | Found Atuwkodo's Hydra Hut.
  8661 | D:8      | Noticed a six-headed hydra
  8701 | D:8      | Noticed Maggie
  8710 | D:8      | Killed Maggie
  8711 | D:8      | Reached skill level 7 in Necromancy
  8921 | D:8      | Noticed Maurice
  9131 | D:8      | Found an ornate altar of the Wu Jian Council.
  9631 | D:8      | Found a runed translucent door.
  9637 | D:8      | Reached skill level 5 in Fighting
  9655 | D:8      | Found an ancient bone altar of Kikubaaqudgha.
  9680 | D:8      | Found a sparkling altar of Nemelex Xobeh.
  9759 | D:8      | Found a shimmering altar of Xom.
  9778 | D:8      | Reached skill level 8 in Necromancy
  9843 | D:8      | Reached ** piety under Kikubaaqudgha
  9864 | D:8      | Found a shimmering blue altar of Sif Muna.
 10200 | D:8      | Noticed a flayed ghost
 10316 | D:8      | Reached XP level 10. HP: 76/76 MP: 14/20
 10321 | D:8      | Maurice changed into Maurice the naga
 10321 | D:8      | Noticed Maurice
 10322 | D:8      | Killed Maurice the naga
 10501 | D:9      | Found a sparkling altar of Nemelex Xobeh.
 11180 | D:9      | Noticed a two-headed ogre
 11198 | D:9      | Killed a two-headed ogre
 11349 | D:9      | Reached *** piety under Kikubaaqudgha
 11349 | D:9      | Received a gift from Kikubaaqudgha
 11360 | D:8      | Learned a level 4 spell: Anguish
 11366 | D:8      | Learned a level 5 spell: Borgnjor's Vile Clutch
 11500 | D:9      | Reached skill level 5 in Maces & Flails
 11601 | D:9      | Noticed a centaur warrior
 11616 | D:9      | Killed a centaur warrior
 11732 | D:9      | Reached XP level 11. HP: 84/84 MP: 18/22
 11924 | D:9      | Reached skill level 9 in Necromancy
 12136 | D:9      | Found an iron altar of Okawaru.
 12460 | D:9      | Noticed a deep elf pyromancer
 12462 | D:9      | Noticed a centaur warrior
 12462 | D:9      | Noticed a tengu warrior
 12464 | D:9      | Noticed a centaur warrior
 12475 | D:9      | Killed a deep elf pyromancer
 12705 | D:9      | Found a hazy altar of Hepliaklqana.
 12813 | D:9      | Identified the +5 halberd of Vug Arod {elec, rElec rC+ rN+
                  | Int+2}
 12954 | D:9      | Killed a centaur warrior
 13114 | D:9      | Killed a tengu warrior
 13115 | D:9      | Reached skill level 5 in Evocations
 13237 | D:9      | Killed a centaur warrior
 13237 | D:9      | Reached **** piety under Kikubaaqudgha
 13456 | D:10     | Entered Level 10 of the Dungeon
 13597 | D:10     | Noticed Nergalle
 13607 | D:10     | Killed Nergalle
 13670 | D:10     | Reached skill level 1 in Hexes
 13670 | D:10     | Reached skill level 1 in Earth Magic
 13759 | D:10     | Found a staircase to the Lair.
 13766 | D:10     | Noticed Joseph
 13777 | D:10     | Killed Joseph
 14278 | D:10     | Found a staircase to the Orcish Mines.
 14393 | D:10     | Noticed a centaur warrior
 14409 | D:10     | Reached skill level 1 in Shields
 14409 | D:10     | Reached XP level 12. HP: 71/92 MP: 10/24
 14621 | D:10     | Noticed a centaur warrior
 14630 | D:10     | Killed a centaur warrior
 14631 | D:10     | Reached skill level 10 in Necromancy
 14632 | D:10     | Killed a centaur warrior
 15070 | D:10     | Reached ***** piety under Kikubaaqudgha
 15273 | D:10     | Identified a scroll of acquirement
 15274 | D:10     | Acquired the ring of Mosohet {rCorr AC+4}
 15346 | D:11     | Found a frozen archway.
 15469 | IceCv    | Entered an ice cave
 16929 | IceCv    | Noticed a reaper
 17091 | IceCv    | Slain by a reaper

Illustrated notes

Levels and vault maps discovered:
D:1:      evilmike_arrival_rings, layout_basic
D:2:      layout_loops_ring, grunt_ministairs_10, uniq_robin,
          uniq_crazy_yiuf_cottage
D:3:      layout_rooms, evilmike_ruin_ashenzari
D:4:      layout_rooms, serial_shops, shop
D:5:      nicolae_BIG_FREAKIN_CUBE, layout_loops_ring,
          mainiacjoe_overflow_boulevard, general_overflow_altar, enter_ossuary_2
D:6:      layout_gridville, minmay_temple_entry_proselytizer
D:7:      nicolae_whirlpool, layout_gridville, minmay_shop_damaged
D:8:      due_megacathedral, layout_layer_cave, kennysheep_little_box,
          doesnt_shop_hydraphobe, uniq_maurice, uniq_maggie
D:9:      minmay_the_grid_4x2 [minmay_the_grid_outer_circle,
          minmay_the_grid_eight, minmay_the_grid_minigrid_large,
          minmay_the_grid_rooms, minmay_the_grid_minigrid_medium,
          minmay_the_grid_doors, minmay_the_grid_garden,
          minmay_the_grid_prize_four_corners_diamond_a], layout_gridville,
          nicolae_hepliaklqana_monster_ancestors, kennysheep_mini,
          nicolae_overflow_crystal_walls, serial_rivers,
          chequers_serial_rivers_marsh, chequers_serial_rivers_micro_b,
          chequers_serial_rivers_large_a, chequers_serial_rivers_room_b,
          chequers_serial_rivers_small_3, chequers_serial_rivers_room_b
D:10:     nzn_winding_woodlands_small [nzn_winding_woodlands_5x15_longhouse,
          nzn_winding_woodlands_center_triple_pond,
          nzn_winding_woodlands_5x15_lazy_stream], layout_gridville,
          due_lair_maze_entry_diamond, david_orc_4, evilmike_butchery,
          uniq_nergalle, uniq_joseph
D:11:     layout_irregular_city, portal_ice_cave_entry_ice_simulacra,
          serial_shops, shop, uniq_snorg
Temple:   regret_index_temple_generic_petals
IceCv:    ice_cave_caverns_02

Skill      XL: |  1  2  3  4  5  6  7  8  9 10 11 12 |
---------------+-------------------------------------+-----
Fighting       | 1 2 3 4 6 7 8 |  8.0
Spellcasting   | 3 4 5 7 8 9 |  9.0
Stealth        | 2 3 4 |  4.0
Dodging        | 2 3 4 |  4.0
Maces & Flails | 1 2 3 4 5 6 7 |  7.2
Necromancy     | 5 6 8 9 10 | 10.0
Evocations     | 2 4 5 |  5.8
Throwing       | 1 2 3 4 |  4.0
Translocations | 1 2 3 4 |  4.0
Hexes          | 1 4 |  4.0
Earth Magic    | 1 3 |  3.4
Shields        | 1 2 |  2.4

Action                   |  1- 3 |  4- 6 |  7- 9 | 10-12 || total
-------------------------+-------+-------+-------+-------++-------
Melee: Mace              |    11 |    66 |   210 |   268 ||   555
       Punch             |       |       |     2 |     3 ||     5
Throw: Dart              |     3 |       |     7 |     7 ||    17
       Javelin           |       |     2 |       |       ||     2
       Boomerang         |       |     1 |       |       ||     1
 Cast: Necrotise         |    52 |    84 |    57 |       ||   193
       Vampiric Draining |       |     4 |    67 |   117 ||   188
       Dispel Undead     |       |       |    10 |    56 ||    66
       Animate Dead      |       |       |     1 |     6 ||     7
       Anguish           |       |       |       |    53 ||    53
       Borgnjor's Vile C |       |       |       |    19 ||    19
Invok: Unearth Wretches  |       |       |       |     2 ||     2
Evoke: Wand              |       |       |     4 |     3 ||     7
       Condenser vane    |       |       |       |     1 ||     1
  Use: Scroll            |       |     6 |     8 |     6 ||    20
 Stab: Sleeping          |       |       |       |     3 ||     3
       Distracted        |       |       |       |     3 ||     3
       Paralysed         |       |       |       |     1 ||     1
Armor: Robe              |     5 |    20 |    20 |       ||    45
       Leather armour    |       |       |   106 |   191 ||   297
Dodge: Dodged            |    18 |    69 |   308 |   499 ||   894

Table legend: (Time is in decaauts)
 A = Elapsed time spent in this place.
 B = Non-inter-level travel time spent in this place.
 C = Inter-level travel time spent in this place.
 D = Time resting spent in this place.
 E = Time spent auto-exploring this place.
 F = Levels seen in this place.
 G = Mean time per level.
                   A        B        C        D        E       F      G
               +--------+--------+--------+--------+--------+-----+--------+
         Total |  17296 |  16457 |    839 |   3924 |   9418 |  14 | 1235.4 |
       Dungeon |  14952 |  14162 |    790 |   2640 |   9060 |  11 | 1359.3 |
        Temple |    342 |    293 |     49 |      0 |    288 |   1 |  342.0 |
       Ossuary |    368 |    368 |      0 |    124 |      5 |   1 |  368.0 |
      Ice Cave |   1632 |   1632 |      0 |   1160 |     65 |   1 | 1632.0 |
               +--------+--------+--------+--------+--------+-----+--------+

Top non-repeatable levels by time:
     D:9: 2862 daAuts
     D:8: 2198 daAuts
    D:10: 1903 daAuts
     D:2: 1679 daAuts
   IceCv: 1632 daAuts
     D:1: 1515 daAuts
     D:7: 1155 daAuts
     D:5: 1009 daAuts
     D:6: 914 daAuts
     D:4: 879 daAuts
     D:3: 694 daAuts
 Ossuary: 368 daAuts
  Temple: 342 daAuts
    D:11: 141 daAuts
